 Dungeon Crawl Stone Soup version 0.29.1-2-gbd0b4ee654 (webtiles) character file.

Game seed: 10797726407367770667

7631 cdecastro the Fighter (level 10, 0/85 HPs)
             Began as a Demonspawn Gladiator on Nov 14, 2022.
             Was the Champion of Ru.
             Slain by an orc
             ... wielding a +2 vorpal flail
              (5 damage)
             ... on level 11 of the Dungeon on Nov 16, 2022.
             The game lasted 00:19:46 (11085 turns).

cdecastro the Fighter (Demonspawn Gladiator)       Turns: 11085, Time: 00:19:47

Health: 0/85       AC: 14    Str: 16    XL:     10   Next: 98%
Magic:  9/11       EV: 13    Int: 13    God:    Ru [******]
Gold:   539        SH:  0    Dex: 14    Spells: 9/9 levels left

rFire   x . .      SeeInvis +   a - +2 dagger (venom)
rCold   x . .      Faith    .   (no shield)
rNeg    . . .      Spirit   .   w - +6 chain mail of the Armoured One {Will+ SInv}
rPois   .          Reflect  .   (helmet unavailable)
rElec   .          Harm     .   (no cloak)
rCorr   .          Rampage  .   (no gloves)
Will    +....                   (no boots)
Stlth   ..........              (no amulet)
HPRegen 0.24/turn               (no ring)
MPRegen 0.12/turn               (no ring)

@: no status effects
A: horns 3, repulsion field 2, inability to use devices, hated by all, inability
to train armour, temperature sensitive, high MP 1, no potion heal 1
a: Renounce Religion, Draw Out Power, Power Leap, Apocalypse


You were on level 11 of the Dungeon.
You worshipped Ru.
Ru was exalted by your worship.
You visited 2 branches of the dungeon, and saw 12 of its levels.

You collected 539 gold pieces.

Inventory:

Hand Weapons
 a - a +2 dagger of venom (weapon)
 b - a +2 dagger of speed
 v - a +0 trident
 T - a +1 vorpal long sword
Missiles
 d - 3 throwing nets
 e - 6 javelins
 g - 2 boomerangs
 n - 43 poisoned darts
 O - a curare-tipped dart
Armour
 c - a +0 helmet
 m - a +0 leather armour
 r - a +2 chain mail of poison resistance
 w - the +6 chain mail of the Armoured One (worn) {Will+ SInv}
   (You found it on level 4 of the Dungeon)

   SInv:      It lets you see invisible.
   Will:      It increases your willpower.
 L - a +0 cloak
 V - a +1 robe of the Archmagi
 W - +0 acid dragon scales
Magical Staves
 S - a staff of poison
Jewellery
 f - an amulet of guardian spirit
 u - a ring of willpower
 G - a +6 ring of intelligence
 R - a ring of wizardry
Wands
 y - a wand of paralysis (7)
Scrolls
 j - 12 scrolls of identify {unknown}
 k - 5 scrolls of noise {unknown}
 o - 6 scrolls of teleportation {unknown}
 p - a scroll of butterflies {unknown}
 q - 3 scrolls of magic mapping {unknown}
 s - 4 scrolls of enchant weapon {unknown}
 A - a scroll of acquirement {unknown}
 K - 2 scrolls of vulnerability {unknown}
 M - a scroll of torment {unknown}
 N - a scroll of amnesia {unknown}
 P - a scroll of enchant armour {unknown}
 Q - a scroll of fear {unknown}
 U - a scroll of brand weapon {unknown}
 X - a scroll of blinking {unknown}
Potions
 h - 3 potions of mutation
 i - 4 potions of curing
 l - 2 potions of brilliance {unknown}
 t - a potion of degeneration {unknown}
 z - a potion of flight {unknown}
 B - a potion of berserk rage {unknown}
 C - a potion of ambrosia {unknown}
 D - 2 potions of lignification {unknown}
 E - 3 potions of attraction {unknown}
 F - a potion of resistance {unknown}
 H - a potion of invisibility {unknown}
 I - 2 potions of might {unknown}
 J - 2 potions of heal wounds {unknown}
Miscellaneous
 x - a piece from Xom's chessboard (15/15)


   Skills:
 - Level 10.0 Fighting
 + Level 4.3 Long Blades
 - Level 6.2 Polearms
 - Level 1.7 Throwing
 - Level 10.0 Dodging
 + Level 4.7 Stealth


You had 9 spell levels left.
You didn't know any spells.
Your spell library contained the following spells:

 Spells                   Type           Power      Damage    Failure   Level
 Apportation              Tloc           0%         N/A       100%        1
 Static Discharge         Conj/Air       0%         3-3/arc   100%        2
 Frozen Ramparts          Ice            0%         1d1       100%        3
 Gell's Gravitas          Tloc           0%         N/A       100%        3
 Portal Projectile        Hex/Tloc       0%         N/A       100%        3
 Teleport Other           Tloc           0%         N/A       100%        3
 Airstrike                Air            0%         2d(0-16)  100%        4
 Ice Form                 Ice/Tmut       0%         N/A       100%        4
 Passage of Golubria      Tloc           0%         N/A       100%        4
 Petrify                  Tmut/Erth      0%         N/A       100%        4
 Blade Hands              Tmut           0%         N/A       100%        5
 Lightning Bolt           Conj/Air       0%         1d11      100%        5
 Metabolic Englaciation   Hex/Ice        0%         N/A       100%        5
 Silence                  Hex/Air        0%         N/A       100%        5
 Dispersal                Tloc           0%         N/A       100%        6
 Statue Form              Tmut/Erth      0%         N/A       100%        6
 Maxwell's Capacitive Co  Air            0%         ∞         100%        8
 Summon Small Mammal      Summ           Unusable   N/A       N/A         1
 Call Canine Familiar     Summ           Unusable   N/A       N/A         3
 Summon Guardian Golem    Hex/Summ       Unusable   N/A       N/A         3
 Tukima's Dance           Hex            Unusable   N/A       N/A         3
 Summon Ice Beast         Ice/Summ       Unusable   N/A       N/A         4
 Summon Lightning Spire   Summ/Air       Unusable   N/A       N/A         4

Dungeon Overview and Level Annotations

Branches:
Dungeon (11/15)            Temple (1/1) D:5             Orc (0/2) D:10
   Lair: D:8-11

Altars:
Ashenzari
Cheibriados
Dithmenos
Gozag
Kikubaaqudgha
Makhleb
Nemelex Xobeh
Okawaru
Qazlal
Ru
Sif Muna
Trog
Uskayaw
Vehumet
Wu Jian
Xom

Annotations:
D:9 2 runed translucent doors
D:10 4 transporters, Jingleheimer's ghost, novice HOMo


Innate Abilities, Weirdness & Mutations

You have a pair of large horns on your head.
You are surrounded by a moderate repulsion field. (EV +3)
You cannot study or use magical devices.
You are hated by all.
You cannot train Armour skill.
You are sensitive to extremes of temperature. (rF-, rC-)
You have an increased reservoir of magic. (+10% MP)
Potions are less effective at restoring your health.


Message History

The killer bee stings the orc.
The killer bee stings you.
* * * LOW HITPOINT WARNING * * *
You are poisoned.
The killer bee poisons you!
You focus your inner power and blind the killer bee in retribution!
You hit the killer bee.
The killer bee is poisoned.
The killer bee is heavily wounded.
You feel sick. The killer bee misses you. x2
Unknown command.
You closely miss the killer bee. You headbutt the killer bee.
You kill the killer bee!
You feel sick.
Unknown command.
Press: ? - help, v - describe, . - travel
Here: a vampire (moderately damaged, slightly transparent)
The floor.
Unknown command.
You feel less exhausted.
You feel sick.
An orc wizard comes into view. It is wielding a +0 dagger.
You feel sick.
The orc wizard shouts!
You hear a shout!
You hear an angry buzzing noise.
You feel sick.
You barely miss the orc wizard. You punch the orc wizard.
The orc wizard is moderately wounded.
You feel sick.
The orc wizard begins to cast a spell, but is stunned by your conviction!
You hit the orc wizard.
The orc wizard is poisoned.
Your headbutt misses the orc wizard.
The orc wizard is moderately wounded.
You feel sick.
You are no longer poisoned.
The orc hits you but does no damage.
The orc wizard gestures at you while chanting.
The magic dart hits you.
* * * LOW HITPOINT WARNING * * *
You completely miss the orc wizard.
The orc wizard is moderately wounded.
The orc hits you with a +2 vorpal flail.
You die...

############################
...........@o..............<
.........Vo######..#########
##########y# #..# #.# #..#
########.# #..# ........)#
#..# ..................
..................
##.............


You could see a vampire (invisible), a killer bee, an orc wizard (very poisoned)
and an orc.

Vanquished Creatures
  Nergalle (D:10)
  A cyclops (D:10)
  Maggie (D:6)
  4 gargoyles (D:8)
  A hornet (D:9)
  A shadow (D:9)
  5 yaks (D:9)
  A vampire (D:11)
  A steam dragon (D:9)
  Menkaure (D:5)
  A water moccasin (D:9)
  2 acid dragons
  2 orc warriors (D:10)
  A sky beast (D:6)
  2 ice beasts
  2 centaurs (D:9)
  5 phantoms
  5 kobold brigands
  Blork the orc (D:6)
  3 bullfrogs
  3 scorpions
  2 troll zombies (D:10)
  9 killer bees
  5 howler monkeys (D:8)
  4 hounds
  2 orc priests
  A gnoll bouda (D:10)
  3 iguanas
  11 orc wizards
  6 ogre zombies (D:10)
  3 gnolls (D:10)
  6 adders
  A shadow imp (D:8)
  A worm (D:4)
  3 dart slugs
  30 orcs
  5 bats
  6 endoplasms
  3 giant cockroaches
  10 goblins
  4 hobgoblins
  5 jackals
  5 quokkas
  7 ball pythons
  3 frilled lizards
  4 goblin skeletons (D:10)
  4 goblin zombies (D:10)
  2 hobgoblin skeletons (D:10)
  2 hobgoblin zombies (D:10)
  34 kobolds
  4 orc skeletons (D:10)
  9 orc zombies (D:10)
  4 rats
  A butterfly (D:4)
243 creatures vanquished.

Vanquished Creatures (others)
  A two-headed ogre (D:11)
  A bullfrog (D:8)
  An orc wizard (D:10)
  An orc (D:8)
  A kobold (D:9)
  2 demonic plants (D:11)
7 creatures vanquished.

Grand Total: 250 creatures vanquished

Notes
Turn   | Place    | Note
-------+----------+-------------------------------------------
     0 | D:1      | cdecastro the Demonspawn Gladiator began the quest for the
                  | Orb.
     0 | D:1      | Reached XP level 1. HP: 16/16 MP: 1/1
   203 | D:1      | Found a faded altar of an unknown god.
   218 | D:1      | Gained mutation: You are surrounded by a mild repulsion
                  | field. (EV +2) [demonic ancestry]
   218 | D:1      | Reached XP level 2. HP: 20/22 MP: 2/2
   248 | D:1      | Prayed at the altar of an unknown god.
   248 | D:1      | Became a worshipper of Ru the Awakened
   629 | D:1      | Gained mutation: You are surrounded by a moderate repulsion
                  | field. (EV +3) [demonic ancestry]
   629 | D:1      | Reached XP level 3. HP: 25/27 MP: 3/3
   751 | D:1      | Gained mutation: You cannot train Armour skill. [Ru
                  | sacrifice]
   751 | D:1      | Reached * piety under Ru
  1129 | D:2      | You fall into a shaft and drop 2 floors!
  1141 | D:4      | Found an ancient bone altar of Kikubaaqudgha.
  1141 | D:4      | Noticed a scorpion
  1351 | D:2      | Gained mutation: You have a pair of small horns on your
                  | head. [demonic ancestry]
  1351 | D:2      | Reached XP level 4. HP: 33/33 MP: 4/4
  2381 | D:4      | Reached skill level 5 in Polearms
  2487 | D:4      | Identified the +6 chain mail of the Armoured One {Will+
                  | SInv}
  2517 | D:4      | Found a shimmering altar of Xom.
  2522 | D:4      | Paralysed by a goblin for 3 turns
  2585 | D:4      | Found a radiant altar of Vehumet.
  2671 | D:4      | Got the Quarto of the Tesseract and Charms
  2720 | D:4      | Reached XP level 5. HP: 18/38 MP: 5/5
  2912 | D:4      | Gained mutation: You cannot study or use magical devices.
                  | [Ru sacrifice]
  2912 | D:4      | Reached ** piety under Ru
  2912 | D:4      | Reached *** piety under Ru
  3102 | D:5      | Entered Level 5 of the Dungeon
  3143 | D:5      | Gained mutation: You have a pair of horns on your head.
                  | [demonic ancestry]
  3143 | D:5      | Reached XP level 6. HP: 44/44 MP: 6/6
  3152 | D:5      | Found a staircase to the Ecumenical Temple.
  3175 | Temple   | Entered the Ecumenical Temple
  3336 | D:5      | Noticed Menkaure
  3359 | D:5      | Killed Menkaure
  3360 | D:5      | Gained mutation: You have a pair of large horns on your
                  | head. [demonic ancestry]
  3360 | D:5      | Reached XP level 7. HP: 18/55 MP: 7/7
  3591 | D:5      | Reached skill level 5 in Fighting
  4499 | D:6      | Noticed Blork the orc
  4512 | D:5      | Reached XP level 8. HP: 53/67 MP: 8/8
  4595 | D:6      | Killed Blork the orc
  4802 | D:6      | Noticed Maggie
  4825 | D:6      | Killed Maggie
  5519 | D:7      | Gained mutation: You are sensitive to extremes of
                  | temperature. (rF-, rC-) [Ru sacrifice]
  5519 | D:7      | Reached **** piety under Ru
  5519 | D:7      | Reached ***** piety under Ru
  5622 | D:7      | Found a shadowy altar of Dithmenos.
  6018 | D:7      | Reached skill level 10 in Fighting
  6390 | D:8      | Found a stormy altar of Qazlal.
  6644 | D:8      | Noticed a gargoyle
  6645 | D:8      | Killed a gargoyle
  6646 | D:8      | Reached XP level 9. HP: 78/78 MP: 3/9
  6705 | D:8      | Noticed a gargoyle
  6718 | D:8      | Killed a gargoyle
  6719 | D:8      | Reached skill level 5 in Dodging
  6876 | D:8      | Noticed a gargoyle
  6900 | D:8      | Killed a gargoyle
  7062 | D:8      | Noticed a gargoyle
  7064 | D:8      | Killed a gargoyle
  7251 | D:8      | Found a hazy altar of Hepliaklqana.
  8058 | D:9      | Reached XP level 10. HP: 8/85 MP: 1/10
  8058 | D:9      | Gained mutation: You have an increased reservoir of magic.
                  | (+10% MP) [potion of mutation]
  8058 | D:9      | Gained mutation: Potions are less effective at restoring
                  | your health. [potion of mutation]
  8399 | D:9      | Gained mutation: You are hated by all. [Ru sacrifice]
  8399 | D:9      | Reached ****** piety under Ru
  9035 | D:9      | Noticed an ice dragon
  9036 | D:9      | Noticed a fire dragon
  9038 | D:9      | Found a runed translucent door.
  9038 | D:9      | Found a runed translucent door.
  9038 | D:9      | Noticed a fire dragon
  9038 | D:9      | Found the +2 shield of Resistance {rF++ rC++ Will++}
  9043 | D:9      | Noticed an ice dragon
  9129 | D:9      | Reached skill level 10 in Dodging
  9960 | D:10     | Entered Level 10 of the Dungeon
  9997 | D:10     | Reached skill level 1 in Stealth
 10002 | D:10     | Noticed Nergalle
 10007 | D:10     | Found a staircase to the Orcish Mines.
 10010 | D:10     | Reached skill level 1 in Long Blades
 10013 | D:10     | Killed Nergalle
 10244 | D:10     | Noticed a two-headed ogre
 10245 | D:10     | Found a transporter.
 10245 | D:10     | Noticed a flayed ghost
 10247 | D:10     | Noticed Jingleheimer's ghost (novice HOMo)
 10292 | D:10     | Found a transporter.
 10294 | D:10     | Noticed a deep elf pyromancer
 10295 | D:10     | Noticed a yaktaur captain
 10296 | D:10     | Found a transporter.
 10308 | D:10     | Found a transporter.
 10503 | D:10     | Noticed a cyclops
 10505 | D:10     | Killed a cyclops
 11051 | D:11     | Noticed a two-headed ogre
 11054 | D:11     | Killed a two-headed ogre
 11085 | D:11     | Slain by an orc

Illustrated notes

Levels and vault maps discovered:
D:1:      dpeg_arrival_line_fractal, layout_basic,
          hellmonk_ecumenical_altar_pennies_from_heaven
D:2:      wander_river, layout_basic
D:3:      layout_rooms
D:4:      layout_cave_pools, vehumet_crystals, old_standard_altar,
          xom_butterflies
D:5:      layout_gridville, minmay_temple_entry_ruins, uniq_menkaure
D:6:      layout_loops_ring, hangedman_decor_peaks_small, uniq_blork_the_orc,
          uniq_maggie
D:7:      layout_basic, mainiacjoe_overflow_six_doors_small
D:8:      cheibrodos_statue_roulette, layout_loops_corners,
          worldfamousw_hep_ancestral_shrine, general_overflow_altar,
          lemuel_flamethrower_2
D:9:      layout_grid_maze, minmay_guarded_unrand_resistance
D:10:     layout_basic, gammafunk_temple_overflow_arena, zombieorc2_lemuel,
          gammafunk_ghost_arena, chequers_serial_rivers_marsh,
          minmay_misc_feat_more_columns, grunt_decor_fettered, uniq_nergalle
D:11:     layout_long_grid, dpeg_lair_monsters, portal_ice_cave_entry_pillars_1,
          serial_demonic, serial_demonic_g, serial_demonic_a, serial_demonic_b,
          serial_demonic_f
Temple:   nicolae_temple_superstar

Skill      XL: |  1  2  3  4  5  6  7  8  9 10 |
---------------+-------------------------------+-----
Polearms       | 3 4 5 6 |  6.2
Fighting       | 4 7 10 | 10.0
Dodging        | 4 8 10 | 10.0
Stealth        | 4 |  4.7
Long Blades    | 4 |  4.3
Throwing       | |  1.7

Action                   |  1- 3 |  4- 6 |  7- 9 | 10-12 || total
-------------------------+-------+-------+-------+-------++-------
Melee: Trident           |    97 |       |       |       ||    97
       Punch             |     1 |       |     9 |     4 ||    14
       Dagger            |    45 |   129 |   371 |   178 ||   723
       Headbutt          |       |    23 |    81 |    42 ||   146
Invok: Sacrifice Durabil |     1 |       |       |       ||     1
       Sacrifice Artific |       |     1 |       |       ||     1
       Power Leap        |       |       |     4 |    10 ||    14
       Sacrifice Resista |       |       |     1 |       ||     1
       Apocalypse        |       |       |       |     2 ||     2
       Sacrifice Love    |       |       |       |     1 ||     1
  Use: Potion            |       |       |       |     2 ||     2
 Stab: Sleeping          |     1 |       |       |       ||     1
       Invisible         |       |       |     2 |     1 ||     3
       Paralysed         |       |       |       |     5 ||     5
Armor: Leather armour    |    26 |     5 |       |       ||    31
       Chain mail        |       |    32 |   148 |    59 ||   239
Dodge: Dodged            |    88 |    63 |   175 |   103 ||   429
